 Dungeon Crawl Stone Soup version 0.19-a0-958-gd69d43c (webtiles) character file.

1229 Leszczynek the Ruffian (level 8, 26/56 HPs)
             Began as a Demonspawn Skald on July 11, 2016.
             Was a Follower of Okawaru.
             Quit the game on level 7 of the Dungeon.
             The game lasted 00:16:46 (8247 turns).

Leszczynek the Ruffian (Demonspawn Skald)           Turns: 8247, Time: 00:16:47

Health: 26/56      AC:  7    Str: 14    XL:     8   Next: 24%
Magic:  11/11      EV:  7    Int: 15    God:    Okawaru [*.....]
Gold:   173        SH:  9    Dex: 10    Spells: 1 memorised, 10 levels left

rFire  + . .     SeeInvis .     a - +2 morningstar
rCold  . . .     Gourm    .     o - +0 scale mail
rNeg   . . .     Faith    .     p - +0 shield
rPois  .         Spirit   .     h - +0 helmet
rElec  .         Dismiss  .     (no cloak)
rCorr  .         Reflect  .     (no gloves)
SustAt .         Harm     .     (no boots)
MR     .....                    (no amulet)
Stlth  ..........               (no ring)
                                (no ring)

@: quite poisoned (26 -> 12), very slightly contaminated, hasted, drained, very
quick, not resistant to hostile enchantments, extremely unstealthy
A: claws 2, clumsy 1, fire resistance 1
a: Heroism, Renounce Religion


You were on level 7 of the Dungeon.
You worshipped Okawaru.
Okawaru was aware of your devotion.
You were very hungry.

You visited 2 branches of the dungeon, and saw 8 of its levels.
You also visited: Ossuary.

You collected 173 gold pieces.

Inventory:

Hand Weapons
 a - a +2 morningstar (weapon)
 b - a +2 hunting sling of freezing
Missiles
 j - 31 sling bullets
Armour
 h - a +0 helmet (worn)
 o - a +0 scale mail (worn)
 p - a +0 shield (worn)
 r - a +0 leather armour
Wands
 l - a wand of digging (16/24)
 u - a wand of teleportation (0/9)
 x - a wand of enslavement (10/24)
 y - a wand of acid (11/15)
 A - a wand of hasting (4/9)
Scrolls
 g - a scroll of amnesia
 i - 3 scrolls of remove curse
 n - 2 scrolls of enchant weapon
Potions
 e - a potion of cancellation {unknown}
 k - a potion of ambrosia {unknown}
 m - 2 potions of degeneration {unknown}
 q - a potion of mutation {unknown}
 t - 3 potions of heal wounds {unknown}
 w - 3 potions of curing
 z - a potion of might {unknown}
 B - 2 potions of agility {unknown}
Books
 c - a book of Battle

   Spells                             Type                      Level
   a - Infusion                       Charms                       1
   b - Shroud of Golubria             Charms/Translocation         2
   c - Song of Slaying                Charms                       2
   d - Spectral Weapon                Hexes/Charms                 3
   e - Regeneration                   Charms/Necromancy            3
 s - a book of Alchemy

   Spells                             Type                      Level
   a - Sublimation of Blood           Necromancy                   2
   b - Ignite Poison                  Fire/Transmutation/Poison    3
   c - Petrify                        Transmutation/Earth          4
   d - Alistair's Intoxication        Transmutation/Poison         5
   e - Irradiate                      Conjuration/Transmutation    5
Comestibles
 d - 2 bread rations
 f - 2 meat rations


   Skills:
 - Level 2.0(1.9) Fighting
 - Level 5.2(5.1) Maces & Flails
 - Level 0.8(0.7) Armour
 - Level 0.8(0.7) Dodging
 + Level 4.4(4.3) Shields
 * Level 5.8(5.7) Unarmed Combat
 - Level 2.0(1.9) Spellcasting
 - Level 2.6 Charms


You had 10 spell levels left.
You knew the following spells:

 Your Spells              Type           Power        Failure   Level  Hunger
a - Infusion              Chrm           #...         96%         1    ##.....


Dungeon Overview and Level Annotations

Branches:
Dungeon (7/15)             Temple (1/1) D:6

Altars:
Ashenzari
Dithmenos
Elyvilon
Fedhas
Gozag
Hepliaklqana
Kikubaaqudgha
Nemelex Xobeh
Okawaru
Pakellas
Qazlal
Ru
Sif Muna
Trog
Uskayaw
Vehumet
Xom
Yredelemnul
Zin
The Shining One

Annotations:
D:4 Leszczynek's ghost, amateur DsSk
D:6 Blork the orc


Innate Abilities, Weirdness & Mutations

You have very sharp fingernails.
Your flesh is heat resistant. (rF+)
You are clumsy. (Dex -2)


Message History

Zapping:
A - a wand of hasting (5/9)
Press: ? - help, Shift-Dir - straight line, f - you You feel yourself speed up.
You are very lightly contaminated with residual magic.
This wand has 4 charges left.
You feel sick.
The killer bee moves out of view.
The killer bee barely misses you.
The killer bee stings you but does no damage.
The killer bee stings you.
You are more poisoned.
The killer bee poisons you!
The killer bee stings you but does no damage.
You block the killer bee's attack.
You hit the killer bee.
The killer bee is heavily wounded.
You feel sick. The killer bee barely misses you. The killer bee stings you.
The killer bee barely misses you.
The killer bee stings you but does no damage.
The killer bee stings you. The killer bee barely misses you.
The killer bee stings you.
Are you sure you want to abandon this character and quit the game? (Confirm with "yes".)

y.y...#..#.#..#
#..##...##.#.
......y..#.#..#
#.......##.#.
s.....y..#.#..#
#..##...##...
#.##.#..###.......##...
#y#..........##...##...
#...y........##...##...
#######.#.................
.>.....y##y####.##..###...
.......yy@y...............
#######.##y...............
#...................
#########<........##
#.######### #.# #.# ###


You could see 6 killer bees.

Vanquished Creatures
  A phantom (D:7)
  A sky beast (D:7)
  A centaur (D:6)
  A giant frog (D:7)
  A scorpion (D:6)
  A vampire bat (D:3)
  5 wights
  A crimson imp (D:7)
  3 hounds
  A centaur zombie (D:5)
  A wasp zombie (D:6)
  An orc wizard (D:5)
  An iguana (D:4)
  4 worker ants
  A worker ant zombie (D:6)
  7 adders
  A shadow imp (D:7)
  2 oozes (D:2)
  An adder zombie (D:7)
  2 adder skeletons (D:6)
  7 worms
  4 dart slugs
  2 giant geckos
  13 orcs
  17 bats
  5 giant cockroaches
  5 goblins
  8 hobgoblins
  4 jackals (D:6)
  2 quokkas
  5 ball pythons
  5 giant newts
  A hobgoblin skeleton (Ossuary)
  4 hobgoblin zombies (Ossuary)
  7 kobolds
  A kobold zombie (Ossuary)
  2 orc skeletons (Ossuary)
  An orc zombie (Ossuary)
  4 rats
  A spectral orc (D:4)
135 creatures vanquished.

Vanquished Creatures (collateral kills)
  A gnoll (D:6)
  A worker ant (D:6)
2 creatures vanquished.

Vanquished Creatures (others)
  A gnoll shaman (D:6)
  A gnoll (D:6)
  An adder (D:6)
3 creatures vanquished.

Grand Total: 140 creatures vanquished

Notes
Turn   | Place    | Note
-------+----------+-------------------------------------------
     0 | D:1      | Leszczynek the Demonspawn Skald began the quest for the Orb.
     0 | D:1      | Reached XP level 1. HP: 16/16 MP: 3/3
   226 | D:1      | Reached skill level 2 in Maces & Flails
   367 | D:1      | Gained mutation: Your flesh is heat resistant. (rF+) [demonic ancestry]
   367 | D:1      | Reached XP level 2. HP: 20/22 MP: 5/5
  1026 | D:1      | Reached skill level 3 in Maces & Flails
  1265 | D:2      | Found a white marble altar of Elyvilon.
  1303 | D:2      | Reached XP level 3. HP: 25/27 MP: 6/6
  1686 | D:2      | Reached XP level 4. HP: 28/33 MP: 7/7
  1917 | D:2      | Reached skill level 4 in Maces & Flails
  2113 | D:3      | Reached skill level 1 in Shields
  2256 | D:3      | Noticed a phantom
  2450 | D:3      | Gained mutation: You have sharp fingernails. [demonic ancestry]
  2450 | D:3      | Reached XP level 5. HP: 25/38 MP: 8/8
  2750 | D:3      | Reached skill level 1 in Unarmed Combat
  3027 | D:3      | Found a stormy altar of Qazlal.
  3692 | D:4      | Noticed Leszczynek's ghost (amateur DsSk)
  3933 | D:4      | Noticed an ogre
  4232 | D:4      | Reached skill level 5 in Maces & Flails
  4515 | D:3      | Reached skill level 2 in Shields
  4650 | D:4      | Found a basalt altar of Yredelemnul.
  4685 | D:5      | Entered Level 5 of the Dungeon
  4823 | D:5      | Gained mutation: You have very sharp fingernails. [demonic ancestry]
  4823 | D:5      | Reached XP level 6. HP: 36/44 MP: 9/9
  4968 | D:5      | Noticed an ice beast
  5071 | D:5      | Noticed an ice beast
  5078 | D:5      | Noticed a sky beast
  5119 | D:5      | Reached skill level 2 in Unarmed Combat
  5525 | D:6      | Found a staircase to the Ecumenical Temple.
  5534 | Temple   | Entered the Ecumenical Temple
  5632 | Temple   | Became a worshipper of Warmaster Okawaru
  5807 | D:6      | Found a sand-covered staircase.
  5908 | Ossuary  | Entered an ossuary
  5965 | Ossuary  | Reached XP level 7. HP: 50/50 MP: 10/10
  5970 | Ossuary  | Reached skill level 3 in Shields
  5970 | Ossuary  | Reached skill level 3 in Unarmed Combat
  5999 | Ossuary  | Noticed a flying skull
  5999 | Ossuary  | Noticed a wraith
  6010 | Ossuary  | Noticed a flying skull
  6059 | Ossuary  | Noticed a wraith
  6487 | D:6      | Reached skill level 4 in Unarmed Combat
  6830 | D:6      | Found an opulent altar of Gozag.
  6882 | D:6      | Noticed Blork the orc
  7067 | D:6      | Got a bone falchion
  7068 | D:6      | Identified the +7 falchion of the Grave {slice, -Tele rPois rN+ MR+++} (You found it on level 6 of the Dungeon)
  7249 | D:6      | HP: 3/50 [gnoll/halberd (12)]
  7250 | D:6      | HP: 1/50 [gnoll/spear (2)]
  7701 | D:7      | Reached * piety under Okawaru
  7701 | D:7      | Reached skill level 4 in Shields
  7701 | D:7      | Reached skill level 5 in Unarmed Combat
  7701 | D:7      | Reached XP level 8. HP: 34/56 MP: 11/11
  7817 | D:7      | Gained mutation: You are clumsy. (Dex -2) [mutagenic meat]
  8247 | D:7      | Quit the game

Vault maps used:
D:1:      saegor_arrival_under_anarchy, dk_noncrumbling_3
D:2:      overflow_temple_1_default, minmay_tree_intersection
D:3:      first_bread, grunt_ministairs_11, kennysheep_minor_cross,
          roderic_batcave, kennysheep_cross_room,
          nicolae_qazlal_eye_of_the_storm
D:4:      yredelemnul_forgotten_temple_becter
D:5:      minmay_holes, serial_bayou_pond_b
D:6:      enter_ossuary_3, minmay_misc_feat_cross, grunt_gozag_breadcrumbs,
          uniq_blork_the_orc
D:7:      uniq_crazy_yiuf_cottage
Temple:   minmay_temple_bridge_d
Ossuary:  ossuary_due_cavern

Skill      XL: |  1  2  3  4  5  6  7 |
---------------+----------------------+-----
Maces & Flails | 2 3 4 5 |  5.2
Shields        | 1 2 4 |  4.4
Unarmed Combat | 1 2 5 |  5.8
Fighting       | |  2.0
Armour         | |  0.8
Dodging        | |  0.8
Spellcasting   | |  2.0
Charms         | |  2.6

Action                   |  1- 3 |  4- 6 |  7- 9 || total
-------------------------+-------+-------+-------++-------
Melee: Mace              |    89 |       |       ||    89
       War axe           |    39 |   133 |       ||   172
       Flail             |       |    27 |       ||    27
       Morningstar       |       |    82 |   156 ||   238
Evoke: Wand              |       |     1 |     8 ||     9
  Use: Scroll            |       |     8 |     7 ||    15
  Eat: Chunk             |     3 |    10 |     1 ||    14
       Fruit             |       |     2 |       ||     2
       Beef jerky        |       |     1 |       ||     1
       Bread ration      |       |       |     1 ||     1
       Royal jelly       |       |       |     1 ||     1
Armor: Leather armour    |    43 |       |       ||    43
       Scale mail        |    19 |   149 |    69 ||   237
Dodge: Dodged            |    99 |    86 |    54 ||   239
Block: Shield            |       |    98 |    62 ||   160
